 Dungeon Crawl Stone Soup version 0.31-a0-986-g5e6e4ef867 (console) character file.

Game seed: 11261236405103851302

7996 jejorda2 the Cleaver (level 11, -6/89 HPs)
             Began as a Gnoll Berserker on Nov 16, 2023.
             Was a High Priest of Trog.
             Mangled by a slime creature (10 damage)
             ... on level 9 of the Dungeon.
             The game lasted 00:21:17 (6743 turns).

jejorda2 the Cleaver (Gnoll Berserker)              Turns: 6743, Time: 00:21:17

Health: -6/89      AC: 22    Str: 20    XL:     11   Next: 24%
Magic:  20/20      EV:  8    Int:  8    God:    Trog [*****.]
Gold:   450        SH:  0    Dex: 11    Spells: 22/22 levels left

rFire   . . .        a - +0 battleaxe (vamp)
rCold   . . .        (shield currently unavailable)
rNeg    . . .        c - +4 plate armour "Piga" {Regen+}
rPois   .            g - +2 helmet
rElec   .            d - scarf {repulsion}
rCorr   .            (no gloves)
SInv    .            k - +0 pair of boots
Will    .....        z - amulet of faith Stlth
                     (no ring)
HPRegen 1.14/turn    (no ring)
MPRegen 0.17/turn

%: repel missiles, faith
@: on berserk cooldown, slowed, very slow
A: fangs 1, strong nose, distributed training
a: Renounce Religion, Berserk, Trog's Hand, Brothers in Arms


You were on level 9 of the Dungeon.
You worshipped Trog.
Trog was extremely pleased with you.
You visited 1 branch of the dungeon, and saw 10 of its levels.

You collected 450 gold pieces.

Inventory:

Hand Weapons
 a - a +0 vampiric battleaxe (weapon)
 b - a +2 quarterstaff of speed
 h - a +1 heavy broad axe
Missiles
 l - 8 poisoned darts (quivered)
 t - 7 boomerangs
Armour
 c - the +4 plate armour "Piga" (worn) {Regen+}
   (You took it off a kobold on level 2 of the Dungeon)

   Regen+:    It increases your rate of health regeneration.
 d - a scarf of repulsion (worn)
 g - a +2 helmet (worn)
 k - a +0 pair of boots (worn)
Jewellery
 i - a ring of ice
 z - an amulet of faith (around neck)
Wands
 m - a wand of charming (16)
 n - a wand of quicksilver (17)
 x - a wand of iceblast (12)
 C - a wand of flame (5)
 E - a wand of mindburst (26)
Scrolls
 w - a scroll of fog
Potions
 e - a potion of might
 f - 3 potions of curing
 j - a potion of haste
 o - a potion of ambrosia
 s - 2 potions of lignification
 u - a potion of cancellation
 v - 2 potions of mutation
 A - a potion of attraction


   Skills:
 + Level 9.1 Fighting
 + Level 6.2 Short Blades
 + Level 6.2 Long Blades
 + Level 9.1 Axes
 + Level 6.2 Maces & Flails
 + Level 6.2 Polearms
 + Level 6.2 Staves
 + Level 6.2 Ranged Weapons
 + Level 6.2 Throwing
 + Level 7.8 Armour
 + Level 7.8 Dodging
 + Level 6.2 Stealth
 + Level 6.2 Shields
 + Level 6.2 Unarmed Combat
 + Level 6.2 Spellcasting
 + Level 5.1 Conjurations
 + Level 5.1 Hexes
 + Level 5.1 Summonings
 + Level 5.1 Necromancy
 + Level 5.1 Translocations
 + Level 5.1 Transmutations
 + Level 5.1 Fire Magic
 + Level 5.1 Ice Magic
 + Level 5.1 Air Magic
 + Level 5.1 Earth Magic
 + Level 5.1 Poison Magic
 + Level 6.8 Invocations
 + Level 6.2 Evocations
 + Level 5.6 Shapeshifting


You had 22 spell levels left.
You didn't know any spells.
Your spell library was empty.

Dungeon Overview and Level Annotations

Branches:
Dungeon (10/15)            Temple (0/1) D:6            Lair (0/5) D:10
    Orc: D:9-12

Altars:
Ashenzari
Cheibriados
Dithmenos
Gozag
Hepliaklqana
Kikubaaqudgha
Makhleb
Ru
Wu Jian
The Shining One

Shops:
D:9 (


Innate Abilities, Weirdness & Mutations

You have very sharp teeth.
Your uncanny sense of smell can sniff out nearby items.
Your experience applies equally to all skills.


Message History

The wyvern bites you but does no damage.
An enormous slime creature splits.
You climb upwards.
There is a stone staircase leading down here.
Your skin crawls.
You feel strong-willed.
The large slime creature completely misses you.
The large slime creature hits you!
A large slime creature splits. x2
You slash the slime creature!
The slime creature is moderately wounded.
You hit the slime creature. You barely miss the slime creature.
You hit the slime creature.
You feel better.
You feel the effects of Trog's Hand fading.
The slime creature hits you but does no damage.
The slime creature hits you!
The slime creature hits you but does no damage. x3
You hit the slime creature.
The slime creature is lightly wounded.
You slash the slime creature! You barely miss the slime creature. x2
The slime creature hits you! The slime creature closely misses you.
The slime creature hits you. The slime creature misses you.
The slime creature hits you! The slime creature hits you.
The slime creature hits you! x2
* * * LOW HITPOINT WARNING * * *
You hit the slime creature.
The slime creature is lightly wounded.
You hit the slime creature. x2; You slash the slime creature!
You feel better.
Your skin stops crawling.
You feel less strong-willed. The slime creature hits you!
* * * LOW HITPOINT WARNING * * *
The slime creature hits you!
* * * LOW HITPOINT WARNING * * *
The slime creature hits you.
* * * LOW HITPOINT WARNING * * *
The slime creature hits you but does no damage.
The slime creature hits you.
* * * LOW HITPOINT WARNING * * *
The slime creature completely misses you.
The slime creature hits you!
You die...

#### ##..####.# #.....
#..####...# ### ##....
#.....##..## #.... #..........#
##... #..........## #...
##.......)[.### #†.†
#.........[..# ##.†
#...J..).)[.## ####.. ## ###
#..J@.......## #..... .###.#####
##.JJ........###.....
.........#####...........##......
.................................
#####..########..................
##..# ##########......... ####
##........ #........ ##..>....


You could see 4 slime creatures.

Vanquished Creatures
  Gastronok (D:9)
  Joseph (D:7)
  Maggie (D:9)
  2 trolls (D:9)
  7 yaks (D:9)
  2 wyverns
  A steam dragon (D:7)
  Grum (D:9)
  5 water moccasins
  3 orc warriors
  A black bear (D:10)
  3 sky beasts
  An ice beast (D:6)
  3 centaurs
  5 wolves
  A phantom (D:5)
  A kobold brigand (D:8)
  5 bullfrogs
  A scorpion (D:4)
  9 wights (D:8)
  4 killer bees (D:8)
  2 jellies (D:7)
  6 hounds
  4 gnoll boudas
  4 orc priests
  3 sleepcaps
  3 iguanas
  7 orc wizards
  20 gnolls
  14 adders
  4 ufetubi
  A worm (D:2)
  2 dart slugs
  32 orcs
  4 ball pythons
  10 endoplasms
  A giant cockroach (D:2)
  5 goblins
  6 hobgoblins
  7 jackals
  4 quokkas
  2 bats
  A frilled lizard (D:2)
  19 kobolds
  5 rats
224 creatures vanquished.

Vanquished Creatures (others)
  A howler monkey (D:8)
1 creature vanquished.

Grand Total: 225 creatures vanquished

Notes
Turn   | Place    | Note
-------+----------+-------------------------------------------
     0 | D:1      | jejorda2 the Gnoll Berserker began the quest for the Orb.
     0 | D:1      | Reached XP level 1. HP: 23/23 MP: 1/1
   216 | D:1      | Reached XP level 2. HP: 23/29 MP: 2/2
   888 | D:2      | Reached XP level 3. HP: 31/35 MP: 3/3
   893 | D:2      | Found a faded altar of an unknown god.
  1003 | D:2      | Reached skill level 1 in Invocations
  1009 | D:2      | HP: 2/52 [poisoned by an adder]
  1084 | D:2      | Reached skill level 1 in Short Blades
  1084 | D:2      | Reached skill level 1 in Long Blades
  1084 | D:2      | Reached skill level 1 in Maces & Flails
  1084 | D:2      | Reached skill level 1 in Polearms
  1084 | D:2      | Reached skill level 1 in Staves
  1084 | D:2      | Reached skill level 1 in Ranged Weapons
  1084 | D:2      | Reached skill level 1 in Throwing
  1084 | D:2      | Reached skill level 1 in Stealth
  1084 | D:2      | Reached skill level 1 in Shields
  1084 | D:2      | Reached skill level 1 in Unarmed Combat
  1084 | D:2      | Reached skill level 1 in Spellcasting
  1084 | D:2      | Reached skill level 1 in Evocations
  1267 | D:2      | Reached XP level 4. HP: 41/41 MP: 5/5
  1357 | D:2      | Identified the +4 plate armour "Piga" {Regen+}
  1365 | D:2      | Reached ** piety under Trog
  1366 | D:2      | Reached skill level 1 in Shapeshifting
  1374 | D:2      | Identified the +6 long sword "Niolow" {heavy, Str+4}
  1777 | D:3      | Reached skill level 1 in Conjurations
  1777 | D:3      | Reached skill level 1 in Hexes
  1777 | D:3      | Reached skill level 1 in Summonings
  1777 | D:3      | Reached skill level 1 in Necromancy
  1777 | D:3      | Reached skill level 1 in Translocations
  1777 | D:3      | Reached skill level 1 in Transmutations
  1777 | D:3      | Reached skill level 1 in Fire Magic
  1777 | D:3      | Reached skill level 1 in Ice Magic
  1777 | D:3      | Reached skill level 1 in Air Magic
  1777 | D:3      | Reached skill level 1 in Earth Magic
  1777 | D:3      | Reached skill level 1 in Poison Magic
  1808 | D:3      | Reached XP level 5. HP: 47/47 MP: 5/7
  2466 | D:4      | Reached *** piety under Trog
  2601 | D:4      | Reached XP level 6. HP: 53/53 MP: 8/8
  2641 | D:4      | Reached skill level 5 in Armour
  2641 | D:4      | Reached skill level 5 in Dodging
  2854 | D:4      | Found a sacrificial altar of Ru.
  2856 | D:4      | Found a shadowy altar of Dithmenos.
  2859 | D:4      | Found a snail-covered altar of Cheibriados.
  2860 | D:4      | Found an opulent altar of Gozag.
  2860 | D:4      | Found a burning altar of Makhleb.
  2862 | D:4      | Found a broken altar of Ashenzari.
  2863 | D:4      | Found an ornate altar of the Wu Jian Council.
  3007 | D:5      | Entered Level 5 of the Dungeon
  3062 | D:5      | Reached XP level 7. HP: 59/59 MP: 10/10
  3168 | D:5      | Found an ancient bone altar of Kikubaaqudgha.
  3805 | D:6      | Reached **** piety under Trog
  3813 | D:6      | Reached XP level 8. HP: 67/67 MP: 12/12
  3980 | D:6      | Found a staircase to the Ecumenical Temple.
  4306 | D:7      | Noticed Joseph
  4326 | D:7      | Killed Joseph
  4327 | D:7      | Reached XP level 9. HP: 73/73 MP: 13/15
  5040 | D:8      | Reached skill level 5 in Invocations
  5101 | D:8      | Reached ***** piety under Trog
  5249 | D:8      | Found a glowing golden altar of the Shining One.
  5268 | D:8      | Reached XP level 10. HP: 80/80 MP: 17/17
  5275 | D:8      | Reached skill level 5 in Short Blades
  5275 | D:8      | Reached skill level 5 in Long Blades
  5275 | D:8      | Reached skill level 5 in Maces & Flails
  5275 | D:8      | Reached skill level 5 in Polearms
  5275 | D:8      | Reached skill level 5 in Staves
  5275 | D:8      | Reached skill level 5 in Ranged Weapons
  5275 | D:8      | Reached skill level 5 in Throwing
  5275 | D:8      | Reached skill level 5 in Stealth
  5275 | D:8      | Reached skill level 5 in Shields
  5275 | D:8      | Reached skill level 5 in Unarmed Combat
  5275 | D:8      | Reached skill level 5 in Spellcasting
  5275 | D:8      | Reached skill level 5 in Evocations
  5393 | D:8      | Found a hazy altar of Hepliaklqana.
  5681 | D:9      | Found Zaik's Weapon Boutique.
  5835 | D:9      | Noticed Maggie
  5853 | D:9      | Killed Maggie
  5931 | D:9      | Noticed Grum
  5938 | D:9      | Reached skill level 5 in Shapeshifting
  5952 | D:9      | Killed Grum
  6363 | D:9      | Noticed Gastronok
  6383 | D:9      | Killed Gastronok
  6384 | D:9      | Reached skill level 5 in Conjurations
  6384 | D:9      | Reached skill level 5 in Hexes
  6384 | D:9      | Reached skill level 5 in Summonings
  6384 | D:9      | Reached skill level 5 in Necromancy
  6384 | D:9      | Reached skill level 5 in Translocations
  6384 | D:9      | Reached skill level 5 in Transmutations
  6384 | D:9      | Reached skill level 5 in Fire Magic
  6384 | D:9      | Reached skill level 5 in Ice Magic
  6384 | D:9      | Reached skill level 5 in Air Magic
  6384 | D:9      | Reached skill level 5 in Earth Magic
  6384 | D:9      | Reached skill level 5 in Poison Magic
  6384 | D:9      | Reached XP level 11. HP: 89/89 MP: 18/20
  6703 | D:10     | Entered Level 10 of the Dungeon
  6709 | D:10     | Found a staircase to the Lair.
  6743 | D:9      | HP: 4/89 [slime creature (4)]
  6743 | D:9      | Mangled by a slime creature

Illustrated notes

Levels and vault maps discovered:
D:1:      dpeg_arrival_lava_altar, layout_loops_ring
D:2:      layout_loops_ring, chequers_ecumenical_altar_simple_redux,
          nicolae_half_adder
D:3:      layout_loops_ring
D:4:      layout_loops_cross, minitemple, ebering_dispersal_statue_hall
D:5:      layout_gridville, kiku_gazebo_pond_becter
D:6:      layout_rooms, minmay_temple_entry_mini_moons
D:7:      layout_basic, amcnicky_mini_pool_small, grunt_ministairs_2,
          uniq_joseph
D:8:      layout_rooms, nicolae_overflow_crystal_walls, kennysheep_little_box,
          st_stairs_13
D:9:      layout_cave_pods, serial_shops, nicolae_shop_gibbet_a_chance,
          uniq_gastronok, uniq_maggie, uniq_grum
D:10:     layout_basic, fiery_altar_vehumet, minmay_lair_entry_grove,
          david_orc_5, nicolae_concentric_dashed_squares_mild,
          grunt_decor_clamped

Skill      XL: |  1  2  3  4  5  6  7  8  9 10 |
---------------+-------------------------------+-----
Invocations    | 1 2 3 4 5 6 |  6.8
Short Blades   | 1 2 3 4 6 |  6.2
Long Blades    | 1 2 3 4 6 |  6.2
Maces & Flails | 1 2 3 4 6 |  6.2
Polearms       | 1 2 3 4 6 |  6.2
Staves         | 1 2 3 4 6 |  6.2
Ranged Weapons | 1 2 3 4 6 |  6.2
Throwing       | 1 2 3 4 6 |  6.2
Stealth        | 1 2 3 4 6 |  6.2
Shields        | 1 2 3 4 6 |  6.2
Unarmed Combat | 1 2 3 4 6 |  6.2
Spellcasting   | 1 2 3 4 6 |  6.2
Evocations     | 1 2 3 4 6 |  6.2
Shapeshifting  | 1 2 3 4 5 |  5.6
Conjurations   | 1 2 3 4 5 |  5.1
Hexes          | 1 2 3 4 5 |  5.1
Summonings     | 1 2 3 4 5 |  5.1
Necromancy     | 1 2 3 4 5 |  5.1
Translocations | 1 2 3 4 5 |  5.1
Transmutations | 1 2 3 4 5 |  5.1
Fire Magic     | 1 2 3 4 5 |  5.1
Ice Magic      | 1 2 3 4 5 |  5.1
Air Magic      | 1 2 3 4 5 |  5.1
Earth Magic    | 1 2 3 4 5 |  5.1
Poison Magic   | 1 2 3 4 5 |  5.1
Armour         | 5 6 7 |  7.8
Dodging        | 5 6 7 |  7.8
Fighting       | 7 8 9 |  9.1
Axes           | 7 8 9 |  9.1

Action                     |  1- 3 |  4- 6 |  7- 9 | 10-12 || total
---------------------------+-------+-------+-------+-------++-------
  Melee: Hand axe          |    97 |    19 |     8 |       ||   124
         Bite              |     5 |     8 |    32 |    19 ||    64
         Long sword        |       |   102 |    36 |       ||   138
         Punch             |       |     1 |     5 |       ||     6
         Quarterstaff      |       |       |   237 |    91 ||   328
         War axe           |       |       |    59 |       ||    59
         Battleaxe         |       |       |       |    71 ||    71
  Throw: Dart              |       |       |     3 |     3 ||     6
 Invoke: Berserk           |     1 |       |     3 |     6 ||    10
         Trog's Hand       |       |       |       |     2 ||     2
    Use: Potion            |     4 |       |       |       ||     4
         Scroll            |       |       |       |    15 ||    15
   Stab: Distracted        |     1 |       |       |       ||     1
         Sleeping          |     1 |       |       |       ||     1
 Armour: Animal skin       |    41 |    12 |       |       ||    53
         Plate armour      |       |   151 |   313 |   240 ||   704
         Ring mail         |       |     1 |       |       ||     1
  Dodge: Dodged            |    57 |    95 |   121 |    82 ||   355
         Repelled          |       |       |     1 |     1 ||     2

Table legend: (Time is in decaauts)
 A = Elapsed time spent in this place.
 B = Non-inter-level travel time spent in this place.
 C = Inter-level travel time spent in this place.
 D = Time resting spent in this place.
 E = Time spent auto-exploring this place.
 F = Levels seen in this place.
 G = Mean time per level.
                   A        B        C        D        E       F      G
               +--------+--------+--------+--------+--------+-----+--------+
         Total |   6871 |   6524 |    347 |    325 |   4646 |  10 |  687.1 |
       Dungeon |   6871 |   6524 |    347 |    325 |   4646 |  10 |  687.1 |
               +--------+--------+--------+--------+--------+-----+--------+

Top non-repeatable levels by time:
     D:9: 1038 daAuts
     D:2: 972 daAuts
     D:1: 811 daAuts
     D:7: 773 daAuts
     D:5: 752 daAuts
     D:4: 690 daAuts
     D:8: 667 daAuts
     D:3: 641 daAuts
     D:6: 490 daAuts
    D:10: 33 daAuts
